 Dungeon Crawl Stone Soup version 0.27-a0-695-gb4952372f7 (webtiles) character file.

Game seed: 5518283227619107748

410 HoaS the Ruffian (level 6, -5/48 HPs)
             Began as a Demigod Gladiator on Mar 21, 2021.
             Slain by an orc priest
             ... wielding a +0 flail
              (11 damage)
             ... on level 4 of the Dungeon.
             The game lasted 00:05:28 (4031 turns).

HoaS the Ruffian (Demigod Gladiator)                Turns: 4031, Time: 00:05:29

Health: -5/48      AC:  8    Str: 23    XL:     6   Next: 32%
Magic:  8/8        EV: 11    Int: 10    God:
Gold:   109        SH:  0    Dex: 15    Spells: 5/5 levels left

rFire    . . .     SeeInvis .     - Unarmed
rCold    . . .     Faith    .   (no shield)
rNeg     . . .     Spirit   .   k - +0 scale mail
rPois    .         Reflect  .   b - +1 helmet
rElec    .         Harm     .   (no cloak)
rCorr    .         Rampage  .   (no gloves)
Will     .....                  (no boots)
Stlth    ..........             (no amulet)
HPRegen  0.16/turn              (no ring)
MPRegen  0.11/turn              (no ring)

@: no status effects
A: high mp 1, forlorn
a: no special abilities


You were on level 4 of the Dungeon.
You visited 1 branch of the dungeon, and saw 4 of its levels.

You collected 109 gold pieces.

Inventory:

Missiles
 c - 2 throwing nets (quivered)
 f - 2 javelins
Armour
 b - a +1 helmet (worn)
 k - a +0 scale mail (worn)
Scrolls
 i - a scroll of teleportation
Potions
 a - a potion of ambrosia {unknown}
 d - 3 potions of heal wounds
 e - a potion of might {unknown}
 g - 2 potions of attraction {unknown}
 h - 3 potions of curing
 j - a potion of magic {unknown}


   Skills:
 - Level 1.7 Fighting
 - Level 1.7 Throwing
 - Level 2.6 Dodging
 + Level 6.9 Unarmed Combat


You had 5 spell levels left.
You didn't know any spells.
Your spell library was empty.

Dungeon Overview and Level Annotations

Branches:
Dungeon (4/15)
 Temple: D:4-7


Innate Abilities, Weirdness & Mutations

Your attributes grow dramatically as you level up.
You have an increased reservoir of magic. (+10% MP)
You shall have no god before yourself.


Message History

You kill the orc!
The orc priest calls down the wrath of Beogh upon you.
Beogh smites you! The orc wizard barely misses you.
The orc wizard closely misses you. The orc hits you but does no damage.
You hit the orc priest.
The orc priest is lightly wounded.
The orc priest hits you but does no damage.
The orc wizard hits you but does no damage.
The orc closely misses you.
You hit the orc priest.
The orc priest is heavily wounded.
The orc priest barely misses you.
The orc wizard hits you with a +0 dagger.
You hit the orc priest but do no damage.
The orc priest is heavily wounded.
The orc barely misses you. The orc priest closely misses you.
You hit the orc priest.
The orc priest is heavily wounded.
You hear the slow rusting of a distant drain.
The orc wizard hits you with a +0 dagger.
* * * LOW HITPOINT WARNING * * *
The orc barely misses you.
You closely miss the orc priest.
The orc priest is heavily wounded.
The orc priest hits you with a +0 flail.
* * * LOW HITPOINT WARNING * * *
The orc wizard points at itself and mumbles some strange words.
The orc wizard flickers and vanishes!
Deactivating autopickup; reactivate with Ctrl-A.
The orc hits you with a +0 hand axe.
* * * LOW HITPOINT WARNING * * *
You closely miss the orc priest.
The orc priest is heavily wounded.
The orc priest begins to cast a cantrip, but forgets the words!
Something hits you but does no damage. The orc hits you with a +0 hand axe.
* * * LOW HITPOINT WARNING * * *
You closely miss the orc priest.
The orc priest is heavily wounded.
The orc priest hits you with a +0 flail!
You die...

.................
........................
........................
........................
........................
........$...............
........................
........................
......o@................
......o{................
...........?............
........................
........................
.......................
........$..!..........
.....................
...................


You could see an orc priest and an orc.

Vanquished Creatures
  2 ogres (D:4)
  A bullfrog (D:2)
  A bullfrog skeleton (D:4)
  3 gnolls (D:3)
  3 adders
  A worm (D:2)
  4 dart slugs
  2 leopard geckos
  4 orcs
  4 giant cockroaches
  10 goblins
  7 hobgoblins
  10 jackals
  3 quokkas (D:3)
  8 bats
  8 frilled lizards
  3 kobolds
  A quokka skeleton (D:4)
  5 rats
80 creatures vanquished.

Notes
Turn   | Place    | Note
-------+----------+-------------------------------------------
     0 | D:1      | HoaS the Demigod Gladiator began the quest for the Orb.
     0 | D:1      | Reached XP level 1. HP: 17/17 MP: 3/3
   226 | D:1      | Reached skill level 3 in Unarmed Combat
   541 | D:1      | Reached XP level 2. HP: 23/24 MP: 4/4
  1580 | D:2      | Reached XP level 3. HP: 29/29 MP: 5/5
  1680 | D:2      | Reached skill level 4 in Unarmed Combat
  2182 | D:2      | Noticed a bullfrog
  2199 | D:2      | Killed a bullfrog
  2200 | D:2      | Reached skill level 5 in Unarmed Combat
  2200 | D:2      | Reached XP level 4. HP: 28/36 MP: 6/6
  2829 | D:3      | Reached XP level 5. HP: 21/41 MP: 7/7
  3824 | D:4      | Noticed an ogre
  3832 | D:4      | Killed an ogre
  3833 | D:4      | Reached skill level 6 in Unarmed Combat
  3866 | D:4      | Reached XP level 6. HP: 38/48 MP: 8/8
  4031 | D:4      | Slain by an orc priest

Illustrated notes

Levels and vault maps discovered:
D:1:      erik_arrival_cave_to_civilisation [erik_arrival_cave_to_hall],
          layout_basic, serial_rivers, chequers_serial_rivers_large_a,
          chequers_serial_rivers_micro_a, chequers_serial_rivers_small_a,
          chequers_serial_rivers_small_b, chequers_serial_rivers_micro_a,
          minmay_tripent
D:2:      layout_loops_ring, kennysheep_cross_bottleneck
D:3:      layout_basic
D:4:      cheibrodos_greedy_goblins, layout_layer_cave,
          grunt_temple_overflow_open, gup_sewer_entry_bowl, fedhas_altar_3

Skill      XL: |  1  2  3  4  5 |
---------------+----------------+-----
Unarmed Combat | 3 5 6 |  6.9
Fighting       | |  1.7
Throwing       | |  1.7
Dodging        | |  2.6

Action                   |  1- 3 |  4- 6 || total
-------------------------+-------+-------++-------
Melee: Unarmed           |   185 |   123 ||   308
       Punch             |     3 |       ||     3
Throw: Throwing net      |     1 |     1 ||     2
       Javelin           |       |     4 ||     4
  Use: Scroll            |     6 |     2 ||     8
 Stab: Sleeping          |     2 |       ||     2
       Held in net/web   |     1 |     2 ||     3
Armor: Leather armour    |    32 |       ||    32
       Scale mail        |    52 |    34 ||    86
Dodge: Dodged            |    91 |    53 ||   144

Table legend: (Time is in decaauts)
 A = Elapsed time spent in this place.
 B = Non-inter-level travel time spent in this place.
 C = Inter-level travel time spent in this place.
 D = Time resting spent in this place.
 E = Time spent auto-exploring this place.
 F = Levels seen in this place.
 G = Mean time per level.
                   A        B        C        D        E       F      G
               +--------+--------+--------+--------+--------+-----+--------+
         Total |   4013 |   3901 |    112 |   1017 |   2241 |   4 | 1003.2 |
       Dungeon |   4013 |   3901 |    112 |   1017 |   2241 |   4 | 1003.2 |
               +--------+--------+--------+--------+--------+-----+--------+

Top non-repeatable levels by time:
     D:1: 1567 daAuts
     D:3: 1167 daAuts
     D:2: 1075 daAuts
     D:4: 203 daAuts
